Map: Deathaura LE

Players

Shmantalope

  • Race: Terran Terran
  • League: Diamond
  • Spawn Location: 11:00

A.I. 1 (Very Easy) - Winner!

  • Race: Zerg Zerg
  • Spawn Location: 5:00

VOD

Have the link to the VOD?

Description

Time

  • Played on: July 21, 2020, 7:50 p.m.
  • Length: 9:45
Show
View Real Time Build Order
Export as new Build Order

Shmantalope Terran 

Build Orders:  

Get SALT Encoding   

  12  0:01  SCV  
  13  0:13  SCV  
  14  0:19  Supply Depot  
  14  0:25  SCV  
  15  0:40  SCV  
  15  0:42  Barracks  
  16  0:52  SCV  
  16  0:53  Refinery  
  17  1:00  Supply Depot  
  17  1:05  SCV  
  18  1:17  SCV  
  19  1:29  Orbital Command, Marine  
  20  1:52  Command Center  
  20  1:53  Marine  
  20  1:55  SCV  
  21  2:07  SCV  
  22  2:09  Bunker  
  22  2:17  Barracks Reactor  
  22  2:19  SCV, Barracks  
  23  2:31  SCV  
  23  2:33  Barracks  
  24  2:43  Engineering Bay  
  24  2:44  SCV  
  25  2:52  Engineering Bay  
  25  2:55  Marine  
  25  2:56  SCV  
  25  2:57  Marine  
  28  3:06  Orbital Command  
  28  3:10  Barracks Tech Lab  
  28  3:13  SCV  
  29  3:24  Barracks Tech Lab  
  29  3:25  SCV  
  30  3:30  Refinery  
  30  3:31  Marine  
  30  3:32  Marine x2  
  33  3:35  SCV  
  33  3:37  SCV  
  35  3:43  Terran Infantry Weapons Level 1, Terran Infantry Armor Level 1  
  35  3:47  SCV  
  36  3:49  SCV  
  36  3:53  Marine  
  36  3:54  Marine  
  39  3:56  Marine  
  39  3:58  Marine  
  39  3:59  SCV  
  39  4:01  SCV  
  43  4:02  Supply Depot  
  43  4:10  Marine  
  43  4:11  SCV  
  43  4:12  Marine  
  46  4:21  Supply Depot  
  46  4:22  Stimpack  
  46  4:24  Marine x2, SCV  
  46  4:26  Supply Depot  
  46  4:30  Factory, Marine  
  46  4:31  Marine  
  51  4:33  SCV  
  51  4:36  SCV  
  53  4:42  Marine  
  53  4:43  Marine  
  53  4:44  Supply Depot  
  55  4:48  Marine x2  
  55  4:49  Refinery  
  55  4:50  SCV  
  55  4:52  Supply Depot, SCV  
  59  4:59  Marine  
  59  5:01  Marine  
  59  5:02  SCV  
  59  5:04  SCV  
  59  5:05  Marine  
  59  5:06  Marine  
  65  5:14  Armory  
  65  5:15  Starport  
  65  5:16  SCV x2  
  65  5:20  Supply Depot  
  67  5:24  Marine  
  67  5:25  Marine  
  67  5:27  Refinery  
  69  5:28  SCV x2  
  69  5:29  Marauder  
  69  5:33  Marauder  
  75  5:40  SCV  
  75  5:41  SCV  
  77  5:45  Supply Depot  
  77  5:47  Marine  
  77  5:49  Marine  
  79  5:51  Combat Shield, Marauder  
  79  5:54  Medivac, Marauder  
  79  5:56  SCV  
  86  5:57  SCV  
  87  6:05  Marine  
  87  6:06  Marine  
  87  6:08  Supply Depot, SCV  
  87  6:09  SCV  
  91  6:12  Marauder  
  91  6:15  Marauder  
  91  6:16  Terran Infantry Weapons Level 2  
  95  6:20  Terran Infantry Armor Level 2  
  95  6:22  SCV  
  96  6:26  SCV  
  96  6:27  Marine  
  96  6:28  Marine  
  96  6:30  Medivac, Supply Depot  
  101  6:34  Marauder  
  101  6:37  Marauder  
  101  6:38  SCV  
  101  6:39  SCV  
  107  6:53  Marine x2  
  109  6:55  Marauder, SCV x2  
  109  6:58  Marauder  
  115  7:01  Supply Depot  
  115  7:03  Supply Depot  
  115  7:07  SCV x2  
  117  7:10  Marine  
  118  7:23  Marauder x2, Marine, SCV x2  
  118  7:26  Supply Depot  
  118  7:28  Marine  
  126  7:35  Medivac, SCV x2  
  130  7:40  Marine  
  131  7:45  Marauder x2  
  131  7:46  Marine  
  131  7:47  SCV x2  
  131  7:48  Supply Depot  
  131  7:51  Command Center  
  138  7:58  Marine  
  138  7:59  SCV x2  
  138  8:03  Supply Depot  
  138  8:04  Marine  
  142  8:06  Marauder x2  
  142  8:10  Supply Depot  
  142  8:11  SCV x2  
  148  8:16  Marine  
  148  8:19  Starport Reactor  
  149  8:22  Marine  
  150  8:27  Marauder x2  
  150  8:32  Ghost Academy, Barracks  
  150  8:33  Barracks  
  154  8:34  Marine  
  154  8:39  Marine  
  156  8:41  Starport  
  156  8:43  SCV x2  
  156  8:47  Supply Depot  
  158  8:49  Marauder x2  
  158  8:50  Supply Depot  
  162  9:06  Orbital Command  
  162  9:15  SCV  
  162  9:16  SCV  
  168  9:17  Marauder x2  
  168  9:18  Marine  
  168  9:19  Marine  
  168  9:23  Barracks Tech Lab  
  168  9:24  Barracks Reactor  
  170  9:37  Refinery  
  170  9:41  Refinery  
Show
View Real Time Build Order
Export as new Build Order

A.I. 1 (Very Easy) Zerg - Winner!

Build Orders: Pool First 

Get SALT Encoding   

  12  0:01  Drone  
  13  0:12  Overlord  
  13  0:16  Drone  
  14  0:36  Spawning Pool  
  14  0:37  Extractor  
  14  0:39  Drone  
  13  0:46  Drone  
  14  0:52  Overlord  
  14  1:23  Zergling x2, Queen  
  17  1:31  Roach Warren  
  16  1:33  Extractor  
  16  1:36  Drone  
  16  1:43  Drone  
  17  1:49  Zergling x2  
  18  2:03  Drone  
  19  2:10  Drone  
  20  2:16  Zergling x2  
  20  2:19  Drone  
  22  2:29  Overlord  
  22  2:33  Drone  
  23  2:40  Drone  
  23  2:42  Roach  
  26  2:47  Drone  
  27  7:09  Drone  
  27  7:10  Overlord, Lair, Roach  
  30  7:15  Hatchery  
  30  7:16  Drone  
  30  7:23  Drone  
  31  7:30  Drone  
  32  7:46  Roach  
  29  8:10  Overseer x2  
  29  8:23  Zergling x2  
  30  8:29  Drone  
  31  8:36  Drone  
  31  8:37  Extractor  
  31  8:40  Extractor  
  30  8:43  Drone  
  31  8:50  Drone  
  32  8:57  Drone  
  32  8:59  Roach  
  35  9:04  Drone  
  36  9:12  Drone  
  37  9:19  Drone  
  38  9:26  Drone  
Tags
 
League
Diamond
Matchup
TvZ
Opening
Pool First
Spawn Locations
Cross Positions
Add a new tag
Caveats
  • Supply blocks, unpowered buildings, or Contaminate may cause inaccurate times.
  • Supply counts are checked every 10 seconds.